Map: Golden Wall LE

Players

Reynor

  • Race: Zerg Zerg
  • Spawn Location: 7:00

INnoVation - Winner!

  • Race: Terran Terran
  • Spawn Location: 5:00

Event: DreamHack SC2 Masters 2020 Summer Season Finals

VOD

Have the link to the VOD?

Description

Time

  • Played on: July 18, 2020, 10:44 a.m.
  • Length: 18:38

All games in this series

Show
View Real Time Build Order
Export as new Build Order

Reynor Zerg 

Build Orders: Hatch First, Muta Ling Bane 

Get SALT Encoding   

  12  0:01  Drone  
  13  0:13  Overlord  
  13  0:17  Drone  
  14  0:32  Drone x2  
  16  0:50  Hatchery  
  16  0:52  Drone  
  16  0:57  Drone  
  16  1:00  Drone  
  18  1:11  Extractor  
  17  1:17  Spawning Pool  
  16  1:19  Drone  
  16  1:24  Drone  
  18  1:29  Drone  
  19  1:40  Drone  
  20  1:50  Overlord  
  20  2:03  Queen  
  20  2:04  Zergling x4, Queen  
  26  2:12  Drone  
  26  2:13  Drone  
  28  2:16  Metabolic Boost  
  28  2:23  Drone x2  
  30  2:35  Drone x2  
  32  2:39  Queen  
  34  2:45  Overlord  
  34  2:47  Drone  
  35  2:55  Drone  
  36  3:04  Hatchery  
  35  3:06  Pneumatized Carapace  
  35  3:09  Drone  
  35  3:11  Drone  
  37  3:14  Drone  
  37  3:15  Drone  
  37  3:17  Drone  
  40  3:20  Drone  
  40  3:23  Overlord  
  40  3:25  Drone  
  42  3:28  Zergling x2  
  42  3:31  Drone  
  43  3:41  Drone  
  43  3:43  Overlord, Drone  
  43  3:46  Zergling x2  
  43  3:47  Zergling x2  
  47  3:49  Queen  
  47  3:51  Drone x2  
  47  3:54  Overlord  
  51  4:01  Evolution Chamber  
  51  4:02  Drone x2  
  52  4:05  Zergling x4  
  52  4:07  Queen  
  56  4:13  Drone  
  56  4:16  Overlord  
  57  4:18  Drone  
  57  4:20  Drone x4  
  62  4:24  Zergling x4  
  62  4:26  Drone  
  62  4:27  Drone  
  62  4:28  Drone  
  67  4:34  Queen  
  69  4:39  Queen  
  69  4:41  Drone x2  
  69  4:42  Drone  
  74  4:46  Queen  
  74  4:52  Zerg Ground Armor Level 1  
  76  4:53  Zergling x4  
  76  4:54  Zergling x2  
  76  4:58  Overlord  
  76  4:59  Drone  
  80  5:01  Drone  
  80  5:04  Spore Crawler  
  80  5:06  Spore Crawler  
  79  5:10  Queen, Drone  
  81  5:14  Overlord  
  81  5:16  Spore Crawler, Drone  
  81  5:18  Spore Crawler  
  81  5:20  Drone x3  
  83  5:25  Zergling x4  
  83  5:26  Lair  
  83  5:27  Drone x2  
  87  5:29  Drone  
  87  5:31  Spore Crawler  
  87  5:36  Queen  
  87  5:37  Overlord  
  87  5:38  Drone  
  87  5:39  Drone  
  87  5:42  Drone  
  92  5:45  Overlord  
  92  5:47  Drone x2  
  94  5:51  Queen, Extractor  
  94  5:58  Overlord  
  94  5:59  Drone  
  94  6:00  Drone  
  94  6:01  Extractor  
  94  6:02  Extractor  
  94  6:03  Spore Crawler  
  93  6:05  Drone x2  
  93  6:08  Zergling x6  
  93  6:10  Drone  
  99  6:11  Hatchery, Drone  
  99  6:15  Overlord  
  99  6:16  Drone  
  100  6:20  Drone  
  100  6:21  Queen  
  103  6:26  Spire  
  103  6:28  Overlord, Spore Crawler  
  103  6:30  Drone x3  
  104  6:33  Zergling x4, Extractor x2  
  104  6:41  Hatchery  
  104  6:42  Queen  
  105  6:47  Drone x5  
  105  6:48  Overlord, Spore Crawler  
  105  6:52  Drone x2  
  105  6:53  Spore Crawler  
  110  6:57  Queen  
  112  7:04  Overlord  
  112  7:05  Queen  
  114  7:11  Drone  
  114  7:12  Drone x2  
  114  7:15  Zerg Ground Armor Level 2  
  117  7:18  Evolution Chamber  
  117  7:20  Overlord  
  117  7:22  Zergling x14  
  123  7:23  Zergling x2  
  124  7:34  Zergling x8  
  124  7:35  Zergling x2  
  128  7:37  Overlord  
  128  7:39  Hatchery  
  128  7:40  Zerg Flyer Weapons Level 1  
  128  7:41  Zergling x2  
  128  7:42  Zergling x2  
  129  7:47  Zergling x8  
  129  7:51  Drone x4  
  135  7:53  Drone  
  135  7:57  Zergling x6  
  139  8:03  Zergling x6  
  118  8:13  Drone x3  
  118  8:19  Mutalisk x6, Zerg Melee Weapons Level 1  
  127  8:22  Mutalisk  
  127  8:24  Mutalisk  
  137  8:29  Baneling Nest  
  137  8:30  Overlord  
  136  8:35  Overlord x2  
  136  8:42  Mutalisk  
  137  8:49  Mutalisk x4  
  137  8:53  Mutalisk x2  
  149  8:57  Drone x3  
  149  8:58  Drone  
  149  9:03  Mutalisk x2  
  149  9:05  Hatchery, Zergling x6  
  155  9:10  Zergling x4  
  155  9:12  Drone x3  
  155  9:13  Centrifical Hooks  
  160  9:18  Mutalisk  
  160  9:22  Overlord  
  160  9:23  Mutalisk  
  164  9:24  Drone x2  
  164  9:25  Drone  
  164  9:27  Extractor  
  164  9:28  Overlord  
  166  9:36  Overlord  
  166  9:37  Baneling x3  
  166  9:39  Baneling x2  
  166  9:40  Drone  
  166  9:42  Extractor  
  166  9:43  Spore Crawler, Drone x2  
  166  9:44  Drone  
  170  9:50  Zergling x2  
  170  9:51  Zergling x20  
  179  9:55  Mutalisk x2, Baneling x4  
  179  9:56  Mutalisk  
  179  9:57  Zergling x2  
  186  10:01  Zergling x2  
  186  10:02  Zergling x4  
  186  10:06  Baneling x7  
  187  10:07  Zergling x4  
  187  10:08  Zergling x4  
  191  10:14  Infestation Pit, Overlord  
  191  10:20  Mutalisk x2  
  194  10:23  Zergling x6  
  194  10:25  Overlord  
  197  10:32  Zerg Melee Weapons Level 2  
  197  10:35  Drone x2  
  199  10:45  Baneling x10  
  199  10:48  Baneling x5  
  199  10:49  Baneling  
  199  10:57  Lair  
  199  11:01  Zergling x2  
  200  11:10  Hatchery  
  188  11:18  Zergling x2  
  188  11:19  Zergling x40  
  186  11:31  Mutalisk  
  186  11:32  Spawning Pool, Mutalisk x7  
  188  11:36  Mutalisk  
  186  11:41  Drone  
  186  11:42  Drone x6  
  186  11:43  Extractor  
  186  11:44  Extractor  
  186  11:45  Mutalisk  
  186  11:46  Mutalisk  
  195  11:54  Baneling x6  
  194  11:57  Drone x4  
  194  12:00  Mutalisk  
  194  12:17  Spire  
  194  12:21  Zergling x14  
  200  12:23  Baneling Nest  
  200  12:24  Zergling x2  
  200  12:26  Zerg Flyer Weapons Level 2  
  200  12:33  Zergling x12  
  200  12:48  Zergling x16  
  192  12:54  Zergling x22  
  192  12:55  Zergling x2  
  192  13:00  Zergling x6  
  152  13:07  Zergling x6  
  152  13:08  Queen x2  
  152  13:10  Baneling x19  
  152  13:11  Zergling x10  
  160  13:14  Baneling x6  
  160  13:16  Zergling x4  
  160  13:17  Queen  
  160  13:19  Mutalisk  
  166  13:21  Baneling x2  
  166  13:22  Zergling x4  
  164  13:27  Zergling x4  
  164  13:31  Zergling x4  
  164  13:32  Zergling x2  
  146  13:36  Baneling x10  
  146  13:37  Mutalisk x2  
  146  13:40  Zergling x14  
  155  13:43  Drone x2  
  157  13:48  Mutalisk  
  157  13:51  Baneling x11  
  157  13:53  Zergling x6  
  162  13:55  Zergling x2  
  162  14:00  Zergling x2  
  162  14:05  Zergling x8  
  166  14:12  Mutalisk x5  
  166  14:14  Zergling x10  
  166  14:16  Queen  
  179  14:20  Extractor  
  178  14:25  Zergling x10  
  178  14:26  Baneling x5  
  178  14:27  Baneling x4  
  183  14:34  Zergling x2  
  183  14:35  Zergling x12  
  190  14:40  Zergling x8  
  190  14:44  Zergling x2  
  180  14:47  Zergling x8  
  180  14:48  Baneling x9  
  180  14:49  Baneling x2  
  178  14:53  Zergling x6  
  178  14:56  Zergling x6  
  178  14:58  Zergling x2  
  155  15:04  Mutalisk  
  149  15:07  Baneling x10  
  149  15:08  Zergling x12  
  149  15:11  Zergling x2  
  155  15:14  Zergling x2  
  155  15:16  Zergling x2  
  155  15:18  Mutalisk, Baneling x11  
  155  15:20  Zergling x2  
  154  15:29  Zergling x6  
  154  15:30  Baneling x7  
  154  15:31  Baneling x2  
  154  15:32  Zergling x2  
  156  15:36  Zergling x6  
  156  15:38  Mutalisk  
  156  15:40  Zergling x10  
  158  15:46  Zergling x14  
  165  15:51  Baneling x6  
  165  15:52  Mutalisk  
  165  15:55  Zergling x6  
  170  15:57  Hive  
  170  16:00  Mutalisk  
  170  16:04  Zergling x2  
  170  16:05  Zergling x2  
  170  16:10  Zergling x2  
  173  16:12  Zergling x2  
  173  16:14  Zergling x10  
  173  16:15  Zergling x4  
  181  16:19  Zergling x8  
  181  16:22  Hatchery  
  181  16:24  Zergling x2  
  178  16:27  Zergling x4  
  178  16:28  Zergling x4  
  181  16:36  Zergling x4  
  181  16:43  Zergling x10  
  181  16:46  Zergling x4  
  167  16:47  Zergling x4  
  167  16:50  Zergling x4  
  167  16:53  Zergling x2  
  150  16:58  Zergling x2  
  150  16:59  Zergling x2  
  148  17:01  Baneling x9  
  148  17:04  Zergling x4  
  148  17:05  Baneling x8  
  148  17:07  Zergling x6  
  150  17:10  Zergling x6  
  150  17:13  Zergling x2  
  141  17:24  Zergling x6  
  136  17:33  Zergling x4  
  136  17:36  Zergling x2  
  133  17:39  Baneling Nest  
  133  17:42  Mutalisk  
  135  17:44  Mutalisk x3  
  126  18:02  Mutalisk x4  
  126  18:03  Mutalisk x2  
  126  18:05  Overlord  
  119  18:26  Spawning Pool  
  108  18:27  Hatchery  
Show
View Real Time Build Order
Export as new Build Order

INnoVation Terran - Winner!

Build Orders: Command Center First (CC) 

Get SALT Encoding   

  12  0:00  SCV  
  13  0:12  SCV  
  14  0:17  Supply Depot  
  14  0:25  SCV  
  15  0:39  SCV  
  16  0:51  SCV  
  17  0:59  Command Center  
  17  1:03  SCV  
  18  1:13  Barracks  
  18  1:16  SCV  
  19  1:21  Refinery  
  19  1:28  SCV  
  19  1:30  Refinery  
  20  1:40  SCV  
  21  1:52  SCV  
  22  2:00  Marine  
  23  2:05  Orbital Command  
  23  2:09  Factory  
  23  2:14  Orbital Command  
  23  2:18  Marine  
  24  2:29  Supply Depot  
  24  2:30  SCV  
  24  2:33  Orbital Command  
  24  2:36  Marine  
  26  2:42  SCV  
  27  2:53  Refinery, Starport  
  27  2:54  Hellion  
  27  2:56  SCV  
  30  2:59  SCV  
  30  3:04  Refinery  
  30  3:05  Barracks Reactor  
  31  3:10  SCV  
  31  3:11  SCV  
  33  3:22  SCV  
  33  3:24  SCV  
  33  3:25  Starport  
  35  3:30  Fusion Core  
  35  3:34  SCV  
  35  3:36  SCV  
  35  3:38  Factory Tech Lab  
  37  3:44  Supply Depot  
  37  3:46  SCV  
  37  3:48  SCV  
  39  3:55  Starport Tech Lab  
  39  3:58  SCV  
  39  4:00  SCV  
  41  4:03  Starport Tech Lab  
  41  4:11  Supply Depot  
  39  4:17  Battlecruiser  
  39  4:18  SCV x2  
  47  4:32  Battlecruiser  
  47  4:34  SCV x2  
  55  4:40  Supply Depot  
  55  4:43  Siege Tank  
  58  4:47  SCV  
  58  4:48  SCV  
  58  4:52  Supply Depot  
  60  4:53  Marine  
  60  4:54  Marine  
  62  5:00  Weapon Refit  
  62  5:01  SCV  
  62  5:03  SCV  
  64  5:13  SCV  
  64  5:15  SCV  
  64  5:16  Marine x2, Siege Tank  
  70  5:26  SCV  
  70  5:27  SCV  
  72  5:30  Supply Depot  
  72  5:35  Command Center  
  72  5:40  SCV x2  
  74  5:47  Barracks  
  74  5:48  Barracks  
  74  5:52  Engineering Bay  
  74  5:53  Engineering Bay  
  74  5:55  SCV x2  
  76  6:07  SCV x2, Barracks Tech Lab  
  76  6:09  Barracks  
  76  6:10  Siege Tank  
  81  6:13  Barracks  
  81  6:19  Terran Infantry Weapons Level 1, Terran Infantry Armor Level 1  
  81  6:21  SCV x2  
  83  6:26  Supply Depot  
  83  6:31  Supply Depot  
  83  6:33  SCV x2, Stimpack, Marine  
  83  6:36  Barracks Reactor  
  86  6:46  Siege Tank  
  89  6:47  Orbital Command  
  89  6:48  Supply Depot  
  89  6:50  Marine  
  89  6:52  SCV x2, Combat Shield  
  91  6:54  Medivac x2  
  95  7:02  Barracks Reactor, Marine x3  
  95  7:08  SCV x2, Marine  
  99  7:13  Orbital Command  
  99  7:14  Marine x2  
  103  7:20  SCV x2, Marine  
  103  7:21  Siege Tank  
  109  7:29  Armory, Marine x3  
  111  7:30  Supply Depot  
  111  7:36  SCV x2  
  114  7:39  Supply Depot  
  114  7:42  Medivac x2  
  118  7:48  Refinery x2  
  118  7:50  SCV x2  
  118  7:51  SCV  
  121  7:53  Siege Tank  
  124  8:03  Marine  
  124  8:04  Marine x7  
  115  8:18  Terran Infantry Armor Level 2, Terran Infantry Weapons Level 2  
  115  8:21  Marine  
  115  8:22  Marine x4  
  115  8:25  Barracks  
  115  8:26  Barracks, Siege Tank  
  123  8:28  Barracks  
  123  8:32  Medivac x2  
  127  8:38  Marine  
  127  8:39  Concussive Shells, Marauder x2, Marine x2  
  127  8:40  Marine  
  135  8:46  Supply Depot x2  
  135  8:51  Sensor Tower  
  135  8:58  Siege Tank  
  135  9:02  Missile Turret  
  138  9:03  Missile Turret  
  138  9:05  Missile Turret  
  138  9:11  Marauder x2, Marine x6  
  148  9:17  Barracks Tech Lab  
  148  9:18  Barracks Reactor  
  148  9:21  Medivac  
  148  9:22  Medivac  
  152  9:29  Marine  
  152  9:30  Siege Tank  
  156  9:34  Supply Depot  
  156  9:35  Supply Depot  
  156  9:43  Missile Turret  
  156  9:48  Marine  
  156  9:49  Marauder x4  
  165  9:55  Marine x5  
  165  9:56  Medivac  
  165  9:57  Medivac  
  174  10:04  Thor  
  174  10:06  Supply Depot  
  178  10:09  Supply Depot  
  178  10:11  Marine x3  
  181  10:25  Marine  
  181  10:27  Marine  
  182  10:29  Marine  
  182  10:30  Marine x7  
  182  10:31  Marine  
  182  10:32  Medivac x2  
  195  10:36  Terran Infantry Weapons Level 3, Terran Infantry Armor Level 3  
  195  10:48  Marine x2  
  197  11:01  Command Center  
  193  11:18  Marine x3  
  190  11:19  Marine x7  
  190  11:20  Medivac x2  
  185  11:26  Thor  
  185  11:31  Supply Depot  
  175  11:35  Supply Depot  
  175  11:36  Marine x3  
  175  11:37  Marine x2  
  175  11:39  Marine  
  181  11:48  Barracks  
  181  11:50  Supply Depot  
  181  11:51  Supply Depot  
  181  11:53  Marine x4  
  181  11:54  Marine x4  
  185  11:56  Marine  
  185  11:57  Medivac x2  
  194  12:04  Marine  
  195  12:11  Marauder, Marine x2  
  195  12:12  Marine  
  200  12:17  Sensor Tower  
  200  12:32  Marauder  
  187  12:39  Marine  
  187  12:40  Marine x7  
  187  12:43  Missile Turret  
  193  12:44  Command Center  
  188  12:53  Marine  
  188  12:54  Thor  
  188  12:57  Marine x2  
  188  12:58  Marine x4  
  200  13:04  Marine x2  
  171  13:11  Orbital Command, Marine  
  172  13:15  Marine x4  
  172  13:16  Marine  
  177  13:22  Marine x2  
  177  13:26  Barracks Reactor  
  178  13:29  Marine  
  178  13:33  Marine x2  
  157  13:34  Marauder  
  157  13:37  Thor, Liberator x2  
  157  13:38  Marine  
  157  13:39  Marine  
  157  13:40  Marauder x2  
  162  13:45  Missile Turret, Barracks  
  162  13:46  Missile Turret  
  162  13:57  Marauder x2, Marine x4  
  162  14:02  Marauder x2  
  167  14:13  Marine x2  
  167  14:15  Marine x4  
  173  14:17  Planetary Fortress  
  173  14:18  Marauder x2  
  173  14:23  Marauder x2  
  181  14:24  Thor  
  187  14:31  Marine x2  
  187  14:32  Liberator  
  191  14:40  Marauder, Liberator  
  184  14:46  Marauder  
  184  14:47  Marauder x2  
  184  14:49  Marine  
  184  14:50  Marine x3  
  184  14:51  Orbital Command  
  188  14:53  Marine  
  168  15:07  Thor  
  160  15:08  Marine  
  160  15:13  SCV  
  166  15:23  Marine x3  
  166  15:24  Marine  
  166  15:27  Marine x2  
  171  15:30  SCV x3  
  171  15:33  Marine  
  171  15:34  Marine  
  170  15:43  Marauder x3  
  170  15:51  Medivac x2  
  170  15:52  Marauder, Thor  
  170  15:57  Marine  
  182  16:00  Marine  
  182  16:01  Marine x2  
  182  16:02  SCV x2  
  182  16:03  SCV  
  193  16:04  Marauder x2  
  195  16:11  Marauder  
  195  16:13  Marauder  
  199  16:25  Marauder  
  199  16:27  Marine  
  200  16:37  Missile Turret  
  200  16:38  Missile Turret x2  
  200  16:39  Missile Turret  
  167  16:54  Marauder, Marine  
  167  16:55  Marauder x3, Marine x2  
  167  17:01  Thor  
  175  17:02  Marine x4  
  177  17:10  Medivac x2  
  177  17:12  Marine x3  
  184  17:16  Marauder x3, Marine  
  184  17:20  Marine x4  
  175  17:30  Marine x3  
  175  17:33  Marine  
  169  17:37  Marine x3  
  169  17:38  Marine x2  
  169  17:40  Medivac x2  
  172  17:44  SCV x2  
  167  17:52  Marauder  
  167  17:54  SCV  
  167  17:55  Marauder x2  
  168  18:04  Marine x6  
  153  18:14  SCV x4  
  155  18:26  SCV  
Tags
 
Add a new tag
Caveats
  • Supply blocks, unpowered buildings, or Contaminate may cause inaccurate times.
  • Supply counts are checked every 10 seconds.